TOP OF THE 1ST |
Oregon Ducks batting - Pitching for Connecticut Huskies : LHP Ryan Vachon
|
Pitching: LHP Ryan Vachon
|
|
Batting: RHB Paul Chávez
|
0-0: Ball 1-0: Ball 2-0: Foul Ball, location: 2F 2-1: Fly out, F7 (Flyball, 7LD)
|
Batting: RHB Ed Hines
|
0-0: Called Strike 0-1: Ball 1-1: Foul Ball, location: 2F 1-2: Ball 2-2: Ball 3-2: Foul Ball, location: 2F 3-2: Fly out, F9 (Flyball, 9LM)
|
Batting: RHB Greg Huggins
|
0-0: Called Strike 0-1: Ball 1-1: Foul Ball, location: 2F 1-2: Strikes out swinging
|
Top of the 1st over - 0 runs, 0 hits, 0 errors, 0 left on base; Oregon 0 - Connecticut 0 |
BOTTOM OF THE 1ST |
Connecticut Huskies batting - Pitching for Oregon Ducks : RHP Richard Hamilton
|
Pitching: RHP Richard Hamilton
|
|
Batting: RHB Anthony Payton
|
0-0: Ball 1-0: Ball 2-0: Ball 3-0: Base on Balls
|
Batting: RHB Ron Frost
|
0-0: Ball 1-0: Called Strike 1-1: Ball 2-1: Grounds into double play, 6-4-3 (Groundball, 6)
|
Batting: RHB Phil Gabriel
|
0-0: Called Strike 0-1: Ball 1-1: Ball 2-1: Foul Ball, location: 2F 2-2: Ball 3-2: Base on Balls
|
Batting: LHB Roberto Martínez
|
0-0: SINGLE (Groundball, 3S) (infield hit) Phil Gabriel to second
|
Batting: RHB Eric Vaughn
|
0-0: Ball 1-0: Foul Ball, location: 2F 1-1: Ball 2-1: Fly out, F8 (Flyball, 78XD)
|
Bottom of the 1st over - 0 runs, 1 hit, 0 errors, 2 left on base; Oregon 0 - Connecticut 0 |
TOP OF THE 2ND |
Oregon Ducks batting - Pitching for Connecticut Huskies : LHP Ryan Vachon
|
Batting: RHB César Fuentes
|
0-0: Ball 1-0: SINGLE (Line Drive, 56D)
|
Batting: LHB Kay Hennessey
|
0-0: Ball 1-0: Called Strike 1-1: 2-RUN HOME RUN (Flyball, 89XD), Distance : 374 ft
|
Batting: LHB Mike Sims
|
0-0: Ball 1-0: Swinging Strike 1-1: Ball 2-1: Ball 3-1: Base on Balls
|
Batting: RHB Robin Mitchell
|
0-0: Ball 1-0: Foul Ball, location: 2F 1-1: Ball 2-1: Called Strike 2-2: Strikes out swinging
|
Batting: RHB Floyd Turner
|
0-0: Ball 1-0: Swinging Strike 1-1: Ball 2-1: Swinging Strike 2-2: Ball 3-2: Base on Balls Mike Sims to second
|
Batting: RHB Douglas Turry
|
0-0: Called Strike 0-1: Called Strike 0-2: Ball 1-2: Foul Ball, location: 2F 1-2: Fly out, F9 (Flyball, 9)
|
Batting: RHB Paul Chávez
|
0-0: Ball 1-0: Called Strike 1-1: Swinging Strike 1-2: Strikes out swinging
|
Top of the 2nd over - 2 runs, 2 hits, 0 errors, 2 left on base; Oregon 2 - Connecticut 0 |
BOTTOM OF THE 2ND |
Connecticut Huskies batting - Pitching for Oregon Ducks : RHP Richard Hamilton
|
Batting: LHB Garth Gallegos
|
0-0: Ball 1-0: Ball 2-0: Ball 3-0: Called Strike 3-1: Called Strike 3-2: Base on Balls
|
Batting: RHB Jeremy Day
|
0-0: Ball 1-0: Swinging Strike 1-1: Ball 2-1: Called Strike Garth Gallegos steals 2nd base 2-2: Strikes out looking
|
Batting: RHB Andrés Padilla
|
0-0: Ball Garth Gallegos steals 3rd base 1-0: Ball 2-0: Ball 3-0: Base on Balls
|
Batting: RHB Ward Dempsey
|
0-0: Swinging Strike 0-1: Swinging Strike 0-2: Strikes out swinging
|
Batting: RHB Anthony Payton
|
0-0: Ball 1-0: Ball 2-0: Fly out, F9 (Line Drive, 9S)
|
Bottom of the 2nd over - 0 runs, 0 hits, 0 errors, 2 left on base; Oregon 2 - Connecticut 0 |
TOP OF THE 3RD |
Oregon Ducks batting - Pitching for Connecticut Huskies : LHP Ryan Vachon
|
Batting: RHB Ed Hines
|
0-0: Ball 1-0: Ball 2-0: Fly out, F8 (Flyball, 8RM)
|
Batting: RHB Greg Huggins
|
0-0: Called Strike 0-1: Ball 1-1: Swinging Strike 1-2: Ground out 6-3 (Groundball, 6)
|
Batting: RHB César Fuentes
|
0-0: Called Strike 0-1: Ball 1-1: Foul Ball, location: 2F 1-2: Strikes out looking
|
Top of the 3rd over - 0 runs, 0 hits, 0 errors, 0 left on base; Oregon 2 - Connecticut 0 |
BOTTOM OF THE 3RD |
Connecticut Huskies batting - Pitching for Oregon Ducks : RHP Richard Hamilton
|
Batting: RHB Ron Frost
|
0-0: Called Strike 0-1: Ball 1-1: Ball 2-1: Swinging Strike 2-2: Ground out 3-1 (Groundball, 34)
|
Batting: RHB Phil Gabriel
|
0-0: Foul Ball, location: 2F 0-1: Ball 1-1: Ball 2-1: Ball 3-1: Base on Balls
|
Batting: LHB Roberto Martínez
|
0-0: Called Strike 0-1: Foul Ball, location: 2F 0-2: Strikes out swinging
|
Batting: RHB Eric Vaughn
|
0-0: Called Strike 0-1: Swinging Strike 0-2: Foul Ball, location: 2F 0-2: Foul Ball, location: 2F 0-2: Fly out, F8 (Flyball, 8LS)
|
Bottom of the 3rd over - 0 runs, 0 hits, 0 errors, 1 left on base; Oregon 2 - Connecticut 0 |
TOP OF THE 4TH |
Oregon Ducks batting - Pitching for Connecticut Huskies : LHP Ryan Vachon
|
Batting: LHB Kay Hennessey
|
0-0: Called Strike 0-1: Swinging Strike 0-2: Foul Ball, location: 2F 0-2: Ball 1-2: Ball 2-2: Ball 3-2: Ground out 4-3 (Groundball, 4)
|
Batting: LHB Mike Sims
|
0-0: Swinging Strike 0-1: Swinging Strike 0-2: Strikes out swinging
|
Batting: RHB Robin Mitchell
|
0-0: Called Strike 0-1: Called Strike 0-2: Strikes out swinging
|
Top of the 4th over - 0 runs, 0 hits, 0 errors, 0 left on base; Oregon 2 - Connecticut 0 |
BOTTOM OF THE 4TH |
Connecticut Huskies batting - Pitching for Oregon Ducks : RHP Richard Hamilton
|
Batting: LHB Garth Gallegos
|
0-0: Ball 1-0: Ball 2-0: Ball 3-0: Base on Balls
|
Batting: RHB Jeremy Day
|
0-0: Called Strike Garth Gallegos is caught stealing 2nd base 0-1: Fly out, F6 (Popup, 6)
|
Batting: RHB Andrés Padilla
|
0-0: Called Strike 0-1: Fly out, F3 (Popup, 3S)
|
Bottom of the 4th over - 0 runs, 0 hits, 0 errors, 0 left on base; Oregon 2 - Connecticut 0 |
TOP OF THE 5TH |
Oregon Ducks batting - Pitching for Connecticut Huskies : LHP Ryan Vachon
|
Batting: RHB Floyd Turner
|
0-0: Ball 1-0: Swinging Strike 1-1: Swinging Strike 1-2: Strikes out swinging
|
Batting: RHB Douglas Turry
|
0-0: SINGLE (Groundball, 6) (infield hit)
|
Batting: RHB Paul Chávez
|
0-0: Ball 1-0: Called Strike 1-1: Ball Passed Ball! Douglas Turry to second 2-1: Swinging Strike 2-2: Ball 3-2: Base on Balls
|
Pitching: RHP Jeff Thomas
|
|
Batting: RHB Ed Hines
|
0-0: Called Strike 0-1: Swinging Strike 0-2: Ball 1-2: 3-RUN HOME RUN (Flyball, 7LD), Distance : 329 ft
|
Batting: RHB Greg Huggins
|
0-0: Ball 1-0: Fly out, F8 (Line Drive, 8RM)
|
Batting: RHB César Fuentes
|
0-0: Called Strike 0-1: Called Strike 0-2: Ball 1-2: Ball 2-2: Ball 3-2: Strikes out swinging
|
Top of the 5th over - 3 runs, 2 hits, 0 errors, 0 left on base; Oregon 5 - Connecticut 0 |
BOTTOM OF THE 5TH |
Connecticut Huskies batting - Pitching for Oregon Ducks : RHP Richard Hamilton
|
Batting: RHB Ward Dempsey
|
0-0: Foul Ball, location: 2F 0-1: Ground out 5-3 (Groundball, 56S)
|
Batting: RHB Anthony Payton
|
0-0: Ball 1-0: Swinging Strike 1-1: Ball 2-1: Foul Ball, location: 2F 2-2: Strikes out swinging
|
Batting: RHB Ron Frost
|
0-0: Foul Ball, location: 2F 0-1: Called Strike 0-2: Strikes out swinging
|
Bottom of the 5th over - 0 runs, 0 hits, 0 errors, 0 left on base; Oregon 5 - Connecticut 0 |
TOP OF THE 6TH |
Oregon Ducks batting - Pitching for Connecticut Huskies : RHP Jeff Thomas
|
Batting: LHB Kay Hennessey
|
0-0: Foul Ball, location: 2F 0-1: Ball 1-1: Foul Ball, location: 2F 1-2: Foul Ball, location: 2F 1-2: Ground out 6-3 (Groundball, 6)
|
Batting: LHB Mike Sims
|
0-0: Ground out U3 (Groundball, 3)
|
Batting: RHB Robin Mitchell
|
0-0: Ball 1-0: Ball 2-0: Foul Ball, location: 2F 2-1: Swinging Strike 2-2: Strikes out swinging
|
Top of the 6th over - 0 runs, 0 hits, 0 errors, 0 left on base; Oregon 5 - Connecticut 0 |
BOTTOM OF THE 6TH |
Connecticut Huskies batting - Pitching for Oregon Ducks : RHP Richard Hamilton
|
Batting: RHB Phil Gabriel
|
0-0: Ball 1-0: Ball 2-0: Foul Ball, location: 2F 2-1: Foul Ball, location: 2F 2-2: Foul Ball, location: 2F 2-2: Foul Ball, location: 2F 2-2: Ball 3-2: Ground out 1-3 (Groundball, P)
|
Pitching: RHP Wally O'Dowling
|
|
Batting: LHB Roberto Martínez
|
0-0: Called Strike 0-1: Ball 1-1: Foul Ball, location: 2F 1-2: Fly out, F7 (Flyball, 7)
|
Batting: RHB Eric Vaughn
|
0-0: Called Strike 0-1: Ball 1-1: Foul Ball, location: 2F 1-2: Ball 2-2: Foul Ball, location: 2F 2-2: Fly out, F9 (Line Drive, 89M)
|
Bottom of the 6th over - 0 runs, 0 hits, 0 errors, 0 left on base; Oregon 5 - Connecticut 0 |
TOP OF THE 7TH |
Oregon Ducks batting - Pitching for Connecticut Huskies : RHP Jeff Thomas
|
Batting: RHB Floyd Turner
|
0-0: Foul Ball, location: 2F 0-1: Ball 1-1: Ball 2-1: Foul Ball, location: 2F 2-2: Strikes out swinging
|
Batting: RHB Douglas Turry
|
0-0: Fly out, F4 (Popup, 34)
|
Batting: RHB Paul Chávez
|
0-0: Ball 1-0: Called Strike 1-1: Ball 2-1: Ball 3-1: Swinging Strike 3-2: Foul Ball, location: 2F 3-2: Foul Ball, location: 2F 3-2: Base on Balls
|
Batting: RHB Ed Hines
|
0-0: Ball 1-0: Ball 2-0: Called Strike 2-1: 2-RUN HOME RUN (Line Drive, 78XD), Distance : 374 ft
|
Batting: RHB Greg Huggins
|
0-0: Ball 1-0: Foul Ball, location: 2F 1-1: Swinging Strike 1-2: Foul Ball, location: 2F 1-2: Ground out 1-3 (Groundball, 15S)
|
Top of the 7th over - 2 runs, 1 hit, 0 errors, 0 left on base; Oregon 7 - Connecticut 0 |
BOTTOM OF THE 7TH |
Connecticut Huskies batting - Pitching for Oregon Ducks : RHP Wally O'Dowling
|
Batting: LHB Garth Gallegos
|
0-0: Called Strike 0-1: Foul Ball, location: 2F 0-2: Ball 1-2: Ground out 1-3 (Groundball, P)
|
Batting: RHB Jeremy Day
|
0-0: Ball 1-0: Ball 2-0: Called Strike 2-1: Ball 3-1: Base on Balls
|
Batting: RHB Andrés Padilla
|
0-0: Called Strike 0-1: Fly out, F9 (Flyball, 9S)
|
Batting: RHB Ward Dempsey
|
0-0: Ball 1-0: Fly out, F7 (Flyball, 7)
|
Bottom of the 7th over - 0 runs, 0 hits, 0 errors, 1 left on base; Oregon 7 - Connecticut 0 |
TOP OF THE 8TH |
Oregon Ducks batting - Pitching for Connecticut Huskies : RHP Jeff Thomas
|
Batting: RHB César Fuentes
|
0-0: Called Strike 0-1: Ball 1-1: Foul Ball, location: 2F 1-2: SINGLE (Flyball, 9LM)
|
Batting: LHB Kay Hennessey
|
0-0: Ball 1-0: Called Strike 1-1: Called Strike 1-2: Foul Ball, location: 2F 1-2: Ball 2-2: Ground out 6-3 (Groundball, 6M) César Fuentes to second
|
Batting: LHB Mike Sims
|
0-0: Foul Ball, location: 2F 0-1: Swinging Strike 0-2: Strikes out swinging
|
Batting: RHB Robin Mitchell
|
0-0: Fly out, F8 (Flyball, 8LM)
|
Top of the 8th over - 0 runs, 1 hit, 0 errors, 1 left on base; Oregon 7 - Connecticut 0 |
BOTTOM OF THE 8TH |
Connecticut Huskies batting - Pitching for Oregon Ducks : RHP Wally O'Dowling
|
Batting: RHB Anthony Payton
|
0-0: Ball 1-0: Fly out, F9 (Flyball, 89D)
|
Batting: RHB Ron Frost
|
0-0: Ball 1-0: Called Strike 1-1: SINGLE (Line Drive, 4MD)
|
Batting: RHB Phil Gabriel
|
0-0: Ground out U3 (Groundball, 34S) Ron Frost to second
|
Batting: LHB Roberto Martínez
|
0-0: DOUBLE (Line Drive, 89XD) Ron Frost scores
|
Batting: RHB Eric Vaughn
|
0-0: Swinging Strike 0-1: Ball 1-1: Foul Ball, location: 2F 1-2: Ball 2-2: Foul Ball, location: 2F 2-2: Foul Ball, location: 2F 2-2: Ground out 5-3 (Groundball, 56)
|
Bottom of the 8th over - 1 run, 2 hits, 0 errors, 1 left on base; Oregon 7 - Connecticut 1 |
TOP OF THE 9TH |
Oregon Ducks batting - Pitching for Connecticut Huskies : RHP Jeff Thomas
|
Pitching: LHP Tony González
|
|
Batting: RHB Floyd Turner
|
0-0: Called Strike 0-1: Ball 1-1: Ball 2-1: Ball 3-1: Base on Balls
|
Batting: RHB Douglas Turry
|
0-0: Called Strike 0-1: Ball 1-1: Ball 2-1: Foul Ball, location: 2F 2-2: Ball 3-2: Base on Balls Floyd Turner to second
|
Batting: RHB Paul Chávez
|
0-0: Foul Ball, location: 2F 0-1: Called Strike 0-2: Ball 1-2: Ball 2-2: Strikes out looking
|
Batting: RHB Ed Hines
|
0-0: Ball 1-0: Ball 2-0: Called Strike 2-1: Swinging Strike 2-2: Ball 3-2: Strikes out looking
|
Batting: RHB Greg Huggins
|
0-0: Ball 1-0: Foul Ball, location: 2F 1-1: Foul Ball, location: 2F 1-2: Ball 2-2: Ball 3-2: SINGLE (Line Drive, 5D) Floyd Turner to third Douglas Turry to second Floyd Turner scores Douglas Turry to third
|
Batting: RHB César Fuentes
|
|
Pinch Hitting: RHB Tim Smith
|
0-0: Ball 1-0: Foul Ball, location: 2F 1-1: DOUBLE (Flyball, 78D) Douglas Turry scores Greg Huggins to third
|
Batting: LHB Kay Hennessey
|
0-0: Ball 1-0: Ball 2-0: Ground out 6-3 (Groundball, 6S)
|
Top of the 9th over - 2 runs, 2 hits, 0 errors, 2 left on base; Oregon 9 - Connecticut 1 |
BOTTOM OF THE 9TH |
Connecticut Huskies batting - Pitching for Oregon Ducks : RHP Wally O'Dowling
|
Now at 1B: Tim Smith
|
|
Batting: LHB Garth Gallegos
|
0-0: Foul Ball, location: 2F 0-1: Swinging Strike 0-2: Ball 1-2: Ball 2-2: Foul Ball, location: 2F 2-2: Ball 3-2: Foul Ball, location: 2F 3-2: Base on Balls
|
Batting: RHB Jeremy Day
|
0-0: Called Strike 0-1: Ball 1-1: Foul Ball, location: 2F 1-2: Ball 2-2: Foul Ball, location: 2F 2-2: Ground out 5-3 (Groundball, 56S) Garth Gallegos to second
|
Batting: RHB Andrés Padilla
|
0-0: Ball 1-0: Ball 2-0: Ball Wild Pitch! Garth Gallegos to third 3-0: Foul Ball, location: 2F 3-1: Swinging Strike 3-2: Foul Ball, location: 2F 3-2: Strikes out swinging
|
Batting: RHB Ward Dempsey
|
0-0: Called Strike 0-1: Ball 1-1: Foul Ball, location: 2F 1-2: Fly out, F4 (Popup, 4M)
|
Bottom of the 9th over - 0 runs, 0 hits, 0 errors, 1 left on base; Oregon 9 - Connecticut 1 |
|